 Dungeon Crawl Stone Soup version 0.31-a0-229-g1fc7ce93e2 (webtiles) character file.

Game seed: 456172007140204461

140 qw the Shooter (level 5, -3/41 HPs)
             Began as a Minotaur Hexslinger on July 6, 2023.
             Killed from afar by Dowan (7 damage)
             ... with a puff of flame
             ... on level 4 of the Dungeon.
             The game lasted 00:00:52 (2292 turns).

qw the Shooter (Minotaur Hexslinger)                Turns: 2292, Time: 00:00:53

Health: -3/41      AC:  4    Str:  9 (12) XL:     5   Next: 2%
Magic:  5/5        EV: 11    Int:  9 (10) God:
Gold:   228        SH:  0    Dex: 13 (15) Spells: 5/6 levels left

rFire   . . .        Y - +1 sling
rCold   . . .        (no shield)
rNeg    . . .        b - +0 leather armour {rPois}
rPois   +            (helmet restricted)
rElec   .            (no cloak)
rCorr   .            i - +0 pair of gloves
SInv    .            (no boots)
Will    +....        h - amulet of faith
Stlth   +            g - ring of willpower
HPRegen 0.26/turn    (no ring)
MPRegen 0.09/turn

%: faith
@: lit by a corona, about to teleport, glowing
A: horns 2, retaliatory headbutt
a: no special abilities


You were on level 4 of the Dungeon.
You visited 1 branch of the dungeon, and saw 4 of its levels.

You collected 228 gold pieces.


Innate Abilities, Weirdness & Mutations

You have a pair of horns on your head.
You reflexively headbutt those who attack you in melee.


   Skills:
 + Level 2.2 Fighting
 - Level 5.3 Ranged Weapons
 - Level 1.1 Armour
 - Level 2.1 Dodging
 - Level 1.0 Spellcasting
 - Level 2.0 Hexes


You had 5 spell levels left.
You knew the following spells:

 Your Spells              Type           Power      Damage    Failure   Level
a - Slow                  Hex            16%        N/A       22%         1

Your spell library contained the following spells:

 Spells                   Type           Power      Damage    Failure   Level
 Inner Flame              Hex/Fire       2%         N/A       69%         3
 Portal Projectile        Hex/Tloc       4%         N/A       69%         3
 Cause Fear               Hex            2%         N/A       91%         4

Inventory:

Hand Weapons
 Y - a +1 sling (weapon)
Armour
 b - a +0 leather armour of poison resistance (worn)
 i - a +0 pair of gloves (worn)
 k - a +0 ring mail
Jewellery
 g - a ring of willpower (left hand)
 h - an amulet of faith (around neck)
Scrolls
 f - a scroll of identify
Potions
 c - a potion of enlightenment
 e - a potion of curing
 m - 6 potions of heal wounds
 o - a potion of resistance

Dungeon Overview and Level Annotations

Branches:
Dungeon (4/15)
 Temple: D:4-7

Altars:
Makhleb
Xom

Shops:
D:2 =

Annotations:
D:4 Dowan, Duvessa


Message History

The ball python closely misses you. You furiously retaliate!
You headbutt the ball python!
You kill the ball python!
An iguana comes into view.
You shoot a sling bullet. The iguana hisses angrily.
The sling bullet hits Duvessa but does no damage.
Duvessa is moderately wounded.
You shoot a sling bullet. The sling bullet hits Duvessa.
Duvessa is heavily wounded.
You shoot a sling bullet.
The sling bullet closely misses Duvessa.
Duvessa hits you with a +2 short sword of venom!
Dowan says, "Magic and the sword, together, will defeat you."
You shoot a sling bullet.
The sling bullet completely misses Duvessa.
Duvessa hits you with a +2 short sword of venom.
Dowan casts a spell at you. The puff of frost misses you.
You shoot a sling bullet.
The sling bullet closely misses Duvessa.
Duvessa hits you with a +2 short sword of venom. x2
Dowan gestures at you while chanting.
You are outlined in light.
You shoot a sling bullet. The sling bullet hits Duvessa.
Duvessa is heavily wounded.
Dowan hits you with a +1 dagger of freezing.
Dowan freezes you.
Duvessa hits you with a +2 short sword of venom.
The iguana bites you but does no damage.
You shoot a sling bullet. The sling bullet barely misses Duvessa.
Duvessa hits you with a +2 short sword of venom.
Dowan hits you but does no damage. The iguana bites you.
2292 ||| READING scroll of teleportation.
As you read the scroll of teleportation, it crumbles to dust.
You feel strangely unstable. The iguana barely misses you.
Dowan gestures at you while chanting. The puff of flame hits you!
You die...

#.##.. ....
#..... #....
...... #.....
.$..###......
...........)
..###..........
......ee.....#
#.#@....#
#..l....#
#.<>.##...#
#..........#
.##
...##.......# #
[...>.......
##..#........
##.##.##.....
## #.# .....


You could see Duvessa, Dowan and an iguana.

Vanquished Creatures
  An orc wizard (D:3)
  4 adders
  3 worms (D:2)
  A dart slug (D:1)
  4 orcs (D:3)
  9 endoplasms
  A giant cockroach (D:3)
  3 goblins
  6 hobgoblins
  2 jackals (D:2)
  3 quokkas
  6 ball pythons
  7 bats
  5 frilled lizards
  3 kobolds
  3 rats
61 creatures vanquished.

Notes
Turn   | Place    | Note
-------+----------+-------------------------------------------
     0 | D:1      | qw the Minotaur Hexslinger began the quest for the Orb.
     0 | D:1      | Reached XP level 1. HP: 16/16 MP: 1/1
     0 | D:1      | 0 ||| qw: Version: 0.3-a-46-gb1f654a
     0 | D:1      | 0 ||| qw: Game counter: 1175
     0 | D:1      | 0 ||| qw: Melee chars always use a shield: true
     0 | D:1      | 0 ||| qw: God list: Okawaru
     0 | D:1      | 0 ||| qw: Allow faded altars: false
     0 | D:1      | 0 ||| qw: Do Orc after clearing Dungeon:15 true
     0 | D:1      | 0 ||| qw: Do second Lair branch before Depths: true
     0 | D:1      | 0 ||| qw: Lair rune preference: random
     0 | D:1      | 0 ||| qw: Goals: Normal
     0 | D:1      | 0 ||| PLANNING D:1-11
   207 | D:1      | Reached skill level 3 in Ranged Weapons
   207 | D:1      | Reached XP level 2. HP: 23/23 MP: 2/2
   524 | D:1      | Reached XP level 3. HP: 29/29 MP: 3/3
   679 | D:1      | 679 ||| UPGRADING to +0 pair of gloves.
   684 | D:1      | 684 ||| UPGRADING to +0 leather armour.
   694 | D:1      | 694 ||| DROPPING +0 robe.
   695 | D:1      | 695 ||| UPGRADING to amulet of faith.
   700 | D:1      | 700 ||| DROPPING amulet of guardian spirit.
   701 | D:1      | 701 ||| UPGRADING to ring of willpower.
   702 | D:1      | 702 ||| READING scroll labelled TAOGAM ITAU.
   707 | D:1      | 707 ||| READING 2 scrolls labelled GILAPH QYJO XUIH.
   708 | D:1      | 708 ||| DRINKING 2 lumpy pink potions.
   709 | D:1      | 709 ||| DRINKING 2 grey potions.
   748 | D:1      | 748 ||| DROPPING scroll of poison.
   749 | D:1      | 749 ||| DROPPING potion of lignification.
  1046 | D:2      | Reached skill level 4 in Ranged Weapons
  1093 | D:2      | Found Nuorit's Jewellery Emporium.
  1103 | D:2      | 1103 ||| SHOPLISTING +5 ring of evasion (432 gold, have
                  | 76).
  1103 | D:2      | 1103 ||| SHOPLISTING +6 ring of strength (432 gold, have
                  | 76).
  1103 | D:2      | 1103 ||| SHOPLISTING ring of positive energy (240 gold,
                  | have 76).
  1435 | D:2      | 1435 ||| UPGRADING to +0 ring mail.
  1445 | D:2      | 1445 ||| DROPPING +0 leather armour.
  1446 | D:2      | 1446 ||| DRINKING 2 fizzy cyan potions.
  1447 | D:2      | 1447 ||| DRINKING 2 bubbling inky potions.
  1448 | D:2      | 1448 ||| DRINKING 5 yellow potions.
  1449 | D:2      | 1449 ||| READING 2 scrolls of identify.
  1449 | D:2      | 1449 ||| IDENTIFYING murky pink potion
  1450 | D:2      | 1450 ||| DROPPING potion of degeneration.
  1451 | D:2      | 1451 ||| DROPPING potion of brilliance.
  1518 | D:3      | Reached skill level 1 in Armour
  1518 | D:3      | Reached XP level 4. HP: 36/36 MP: 4/4
  1921 | D:3      | Found a burning altar of Makhleb.
  1984 | D:3      | Reached skill level 5 in Ranged Weapons
  1989 | D:3      | HP: 9/36 [orc/+0 flail (5)]
  1990 | D:3      | 1990 ||| READING 2 scrolls of teleportation.
  1991 | D:3      | Reached XP level 5. HP: 10/41 MP: 5/5
  1993 | D:3      | Found a shimmering altar of Xom.
  2242 | D:3      | 2242 ||| UPGRADING to +0 leather armour of poison
                  | resistance.
  2252 | D:3      | 2252 ||| READING scroll labelled LOTOUCW LIACH.
  2253 | D:3      | 2253 ||| READING 3 scrolls of identify.
  2253 | D:3      | 2253 ||| IDENTIFYING emerald potion
  2254 | D:3      | 2254 ||| READING 2 scrolls of identify.
  2254 | D:3      | 2254 ||| IDENTIFYING smoky purple potion
  2255 | D:3      | 2255 ||| DROPPING potion of attraction.
  2278 | D:4      | Noticed Duvessa
  2280 | D:4      | Noticed Dowan
  2291 | D:4      | HP: 5/41 [Duvessa/+2 short sword of venom (6)]
  2292 | D:4      | 2292 ||| READING scroll of teleportation.
  2292 | D:4      | Killed from afar by Dowan

Levels and vault maps discovered:
D:1:      beargit_arrival_diablo_church, layout_basic
D:2:      layout_loops_ring, serial_shops, nicolae_shop_waterfront
D:3:      layout_loops_ring, mainiacjoe_overflow_catwalk, bloody_makhleb,
          serial_bayou_pond_b
D:4:      layout_cave_pools, fedhas_altar_1, gammafunk_ghost_abyssal_escape,
          minmay_crystal_water, uniq_duvessa, uniq_pikel

Skill      XL: |  1  2  3  4 |
---------------+-------------+-----
Ranged Weapons | 3 4 5 |  5.3
Fighting       | 2 |  2.2
Armour         | 1 |  1.1
Dodging        | |  2.1
Spellcasting   | |  1.0
Hexes          | |  2.0

Action                     |  1- 3 |  4- 6 || total
---------------------------+-------+-------++-------
   Fire: Sling             |   117 |    67 ||   184
    Use: Potion            |     5 |       ||     5
         Scroll            |     3 |     5 ||     8
 Armour: Robe              |     4 |       ||     4
         Leather armour    |     4 |     2 ||     6
         Ring mail         |     1 |    26 ||    27
  Dodge: Dodged            |    24 |    28 ||    52

Table legend:
 A = Non-vault XP
 B = Vault XP
 C = Vault XP percentage of total XP
 D = Non-vault monster count
 E = Vault monster count
 F = Vault count percentage of total count
                 A         B        C        D         E       F
            +---------+---------+-------+---------+---------+-------
      Total |     196 |       5 |   2.5 |      59 |       2 |   3.3
            +---------+---------+-------+---------+---------+-------
        D:1 |      49 |       0 |   0.0 |      28 |       0 |   0.0
        D:2 |      43 |       0 |   0.0 |      13 |       0 |   0.0
        D:3 |     103 |       5 |   4.6 |      17 |       2 |  10.5
        D:4 |       1 |       0 |   0.0 |       1 |       0 |   0.0
            +---------+---------+-------+---------+---------+-------
